 Dungeon Crawl Stone Soup version 0.26-a0-962-g9b92081034 (webtiles) character file.

Game seed: 16968053653226985641

155 MordorOrchid the Covert (level 5, -2/47 HPs)
             Began as a Gnoll Delver on Dec 2, 2020.
             Slain by a lemure (5 damage)
             ... led by Pikel
             ... on level 5 of the Dungeon.
             The game lasted 00:03:59 (1357 turns).

MordorOrchid the Covert (Gnoll Delver)              Turns: 1357, Time: 00:03:59

Health: -2/47      AC:  5    Str: 14    XL:     5   Next: 37%
Magic:  7/7        EV: 11    Int: 14    God:
Gold:   117        SH:  0    Dex: 16    Spells: 6/6 levels left

rFire    . . .     SeeInvis +   a - +0 falchion
rCold    . . .     Faith    .   (no shield)
rNeg     . . .     Spirit   .   i - +0 ring mail
rPois    .         Reflect  .   (no helmet)
rElec    .         Harm     .   l - scarf {+Inv}
rCorr    .         Rampage  .   (no gloves)
MR       .....                  (no boots)
Stlth    ++........             (no amulet)
HPRegen  0.15/turn              p - ring of see invisible
MPRegen  0.10/turn              t - ring of attention (curse)

@: heavily drained
A: distributed training, fangs 1, strong nose
a: Evoke Invisibility


You were on level 5 of the Dungeon.
You visited 1 branch of the dungeon, and saw 2 of its levels.

You collected 117 gold pieces.

Inventory:

Hand Weapons
 a - a +0 falchion (weapon)
Missiles
 h - 22 stones
 k - 14 poisoned darts (quivered)
Armour
 b - a +0 leather armour
 i - a +0 ring mail (worn)
 l - a scarf of invisibility (worn)
Jewellery
 p - a ring of see invisible (left hand)
 t - a cursed ring of attention (right hand)
 u - an uncursed amulet of guardian spirit {unknown}
Wands
 g - a wand of digging (3)
 n - a wand of random effects (11)
 r - a wand of iceblast (7)
Scrolls
 c - a scroll of fog
 d - a scroll of magic mapping
 e - a scroll of fear
 m - a scroll of amnesia {unknown}
 q - a scroll of immolation {unknown}
Potions
 f - a potion of haste
 o - a potion of curing
 s - a potion of invisibility {unknown}


   Skills:
 + Level 6.7(4.2) Fighting
 + Level 1.4(0.0) Short Blades
 + Level 4.8(2.4) Long Blades
 + Level 1.4(0.0) Axes
 + Level 1.4(0.0) Maces & Flails
 + Level 1.4(0.0) Polearms
 + Level 1.4(0.0) Staves
 + Level 1.4(0.0) Slings
 + Level 1.4(0.0) Bows
 + Level 1.4(0.0) Crossbows
 + Level 1.4(0.0) Throwing
 + Level 1.4(0.0) Armour
 + Level 4.8(2.4) Dodging
 + Level 9.6(7.0) Stealth
 + Level 1.4(0.0) Shields
 + Level 1.4(0.0) Unarmed Combat
 + Level 1.4(0.0) Spellcasting
 + Level 1.1(0.0) Conjurations
 + Level 1.1(0.0) Hexes
 + Level 1.1(0.0) Summonings
 + Level 1.1(0.0) Necromancy
 + Level 1.1(0.0) Translocations
 + Level 1.1(0.0) Transmutations
 + Level 1.1(0.0) Fire Magic
 + Level 1.1(0.0) Ice Magic
 + Level 1.1(0.0) Air Magic
 + Level 1.1(0.0) Earth Magic
 + Level 1.1(0.0) Poison Magic
 + Level 1.6(0.0) Invocations
 + Level 1.4(0.0) Evocations


You had 6 spell levels left.
You didn't know any spells.
Your spell library was empty.

Dungeon Overview and Level Annotations

Branches:
Dungeon (5/15)
 Temple: D:4-7

Altars:
Trog
Vehumet

Shops:
D:4 (

Annotations:
D:5 Pikel


Innate Abilities, Weirdness & Mutations

Your experience applies equally to all skills.
You have very sharp teeth.
Your uncanny sense of smell can sniff out nearby items.


Message History

The lemure barely misses you.
You riposte.
You hit the lemure but do no damage.
The lemure is lightly wounded.
Pikel hits you with a +1 whip of freezing.
Pikel freezes you. The lemure closely misses you.
Unknown command.
The lemure hits you!
* * * LOW HITPOINT WARNING * * *
Pikel hits you with a +1 whip of freezing.
* * * LOW HITPOINT WARNING * * *
Pikel freezes you.
* * * LOW HITPOINT WARNING * * *
The lemure closely misses you.
You riposte.
You hit the lemure but do no damage. The lemure hits you but does no damage.
Pikel hits you with a +1 whip of freezing.
* * * LOW HITPOINT WARNING * * *
Pikel freezes you.
* * * LOW HITPOINT WARNING * * *
The lemure hits you.
You die...

#.........# #.# #........#
#.........###.###........#
#.........##....#........#
#..........#....#........#
#........#.#....#........#
#........#......#........#
########..5...........####
#.##5#.#######.#
#†#@5........#.#
#.#K...#####.#.#
#............#.#
######..#######.#
#......># #.# #.#######
#.# #.# #.# #.# #.# #.#
#.#


You could see Pikel and 2 lemures.

Vanquished Creatures
  A phantom (D:4)
  2 lemures
  A worker ant (D:4)
  3 adders (D:4)
  2 worms (D:4)
  A dart slug (D:4)
  A leopard gecko (D:5)
  2 orcs (D:4)
  4 jackals (D:5)
  A frilled lizard (D:4)
18 creatures vanquished.

Notes
Turn   | Place    | Note
-------+----------+-------------------------------------------
     0 | D:5      | Reached skill level 9 in Stealth
     0 | D:5      | MordorOrchid the Gnoll Delver began the quest for the Orb.
     0 | D:5      | Reached XP level 1. HP: 23/23 MP: 1/1
   116 | D:5      | Noticed a lemure
   117 | D:5      | Noticed a lemure
   117 | D:5      | Noticed a lemure
   118 | D:5      | Noticed Pikel
   143 | D:4      | Reached XP level 2. HP: 25/29 MP: 2/2
   151 | D:4      | Killed a lemure
   301 | D:4      | Reached skill level 1 in Invocations
   301 | D:4      | Reached XP level 3. HP: 35/35 MP: 2/4
   517 | D:4      | Reached skill level 1 in Short Blades
   517 | D:4      | Reached skill level 1 in Axes
   517 | D:4      | Reached skill level 1 in Maces & Flails
   517 | D:4      | Reached skill level 1 in Polearms
   517 | D:4      | Reached skill level 1 in Staves
   517 | D:4      | Reached skill level 1 in Slings
   517 | D:4      | Reached skill level 1 in Bows
   517 | D:4      | Reached skill level 1 in Crossbows
   517 | D:4      | Reached skill level 1 in Throwing
   517 | D:4      | Reached skill level 1 in Armour
   517 | D:4      | Reached skill level 1 in Shields
   517 | D:4      | Reached skill level 1 in Unarmed Combat
   517 | D:4      | Reached skill level 1 in Spellcasting
   517 | D:4      | Reached skill level 1 in Evocations
   553 | D:4      | Found a radiant altar of Vehumet.
   582 | D:4      | Reached XP level 4. HP: 39/41 MP: 5/5
   601 | D:4      | Found Puyk's Antique Weapon Shop.
   772 | D:4      | Noticed a phantom
   811 | D:4      | Killed a phantom
   812 | D:4      | Reached skill level 1 in Conjurations
   812 | D:4      | Reached skill level 1 in Hexes
   812 | D:4      | Reached skill level 1 in Summonings
   812 | D:4      | Reached skill level 1 in Necromancy
   812 | D:4      | Reached skill level 1 in Translocations
   812 | D:4      | Reached skill level 1 in Transmutations
   812 | D:4      | Reached skill level 1 in Fire Magic
   812 | D:4      | Reached skill level 1 in Ice Magic
   812 | D:4      | Reached skill level 1 in Air Magic
   812 | D:4      | Reached skill level 1 in Earth Magic
   812 | D:4      | Reached skill level 1 in Poison Magic
   812 | D:4      | Reached XP level 5. HP: 30/47 MP: 5/7
   995 | D:4      | Found a bloodstained altar of Trog.
  1035 | D:5      | Killed a lemure
  1043 | D:5      | Noticed a lemure
  1357 | D:5      | Slain by a lemure

Illustrated notes

Levels and vault maps discovered:
D:4:      layout_rooms, general_overflow_altar, fiery_altar_vehumet,
          serial_shops, shop_statue
D:5:      layout_basic, minmay_temple_entry_glassed_door,
          uniq_crazy_yiuf_cottage, uniq_pikel

Skill      XL: |  1  2  3  4 |
---------------+-------------+-----
Stealth        | |  9.6
Invocations    | 1 |  1.6
Short Blades   | 1 |  1.4
Axes           | 1 |  1.4
Maces & Flails | 1 |  1.4
Polearms       | 1 |  1.4
Staves         | 1 |  1.4
Slings         | 1 |  1.4
Bows           | 1 |  1.4
Crossbows      | 1 |  1.4
Throwing       | 1 |  1.4
Armour         | 1 |  1.4
Shields        | 1 |  1.4
Unarmed Combat | 1 |  1.4
Spellcasting   | 1 |  1.4
Evocations     | 1 |  1.4
Conjurations   | 1 |  1.1
Hexes          | 1 |  1.1
Summonings     | 1 |  1.1
Necromancy     | 1 |  1.1
Translocations | 1 |  1.1
Transmutations | 1 |  1.1
Fire Magic     | 1 |  1.1
Ice Magic      | 1 |  1.1
Air Magic      | 1 |  1.1
Earth Magic    | 1 |  1.1
Poison Magic   | 1 |  1.1
Fighting       | |  6.7
Long Blades    | |  4.8
Dodging        | |  4.8

Action                   |  1- 3 |  4- 6 || total
-------------------------+-------+-------++-------
Melee: Falchion          |    42 |    54 ||    96
       Bite              |    11 |     9 ||    20
Throw: Dart              |     4 |     5 ||     9
 Abil: Evoke Invisibilit |       |     1 ||     1
  Use: Potion            |       |     2 ||     2
 Stab: Sleeping          |     2 |       ||     2
       Distracted        |     1 |       ||     1
       Invisible         |       |     2 ||     2
Armor: Ring mail         |     8 |    21 ||    29
Dodge: Dodged            |    25 |    52 ||    77
       Rpst.: Falchion   |     8 |    16 ||    24

Table legend: (Time is in decaauts)
 A = Elapsed time spent in this place.
 B = Non-inter-level travel time spent in this place.
 C = Inter-level travel time spent in this place.
 D = Time resting spent in this place.
 E = Time spent auto-exploring this place.
 F = Levels seen in this place.
 G = Mean time per level.
                   A        B        C        D        E       F      G
               +--------+--------+--------+--------+--------+-----+--------+
         Total |   1365 |   1355 |     10 |    361 |    632 |   2 |  682.5 |
       Dungeon |   1365 |   1355 |     10 |    361 |    632 |   2 |  682.5 |
               +--------+--------+--------+--------+--------+-----+--------+

Top non-repeatable levels by time:
     D:4: 1152 daAuts
     D:5: 212 daAuts
